 Dungeon Crawl Stone Soup version 0.25.0-41-g26779e291d (webtiles) character file.

Game seed: 1450132482280896514

734 Ethylacetat the Stinger (level 7, -10/41 HPs)
             Began as an Octopode Venom Mage on July 10, 2020.
             Mangled by a mummy (17 damage)
             ... on level 5 of the Dungeon.
             The game lasted 00:14:45 (5129 turns).

Ethylacetat the Stinger (Octopode Venom Mage)       Turns: 5129, Time: 00:14:46

Health: -10/41     AC:  5    Str: 13    XL:     7   Next: 74%
Magic:  12/12      EV: 13    Int: 19    God:
Gold:   184        SH:  0    Dex: 13    Spells: 5/13 levels left

rFire    + + .     SeeInvis .   u - staff of fire
rCold    . . .     Gourm    .   (no shield)
rNeg     + . .     Faith    .   (helmet restricted)
rPois    .         Spirit   .   (no amulet)
rElec    .         Reflect  .   c - ring of positive energy
rCorr    .         Harm     .   p - +4 ring of protection
MR       .....                  l - ring of attention (curse)
Stlth    ++........             s - +6 ring of strength
HPRegen  0.13/turn              t - ring of wizardry
MPRegen  0.13/turn              v - ring of protection from fire
                                (no ring)
                                (no ring)

@: starving
A: almost no armour, stealthy swim, amphibious, 8 rings, constrict 8, camouflage
1, gelatinous body 1
a: no special abilities


You were on level 5 of the Dungeon.
You were starving.

You visited 1 branch of the dungeon, and saw 5 of its levels.

You collected 184 gold pieces.

Inventory:

Missiles
 x - a throwing net (quivered)
Magical Staves
 u - an uncursed staff of fire (weapon)
Jewellery
 c - a ring of positive energy (left tentacle)
 l - a cursed ring of attention (on tentacle)
 p - a +4 ring of protection (right tentacle)
 s - a +6 ring of strength (on tentacle)
 t - a ring of wizardry (on tentacle)
 v - a ring of protection from fire (on tentacle)
Scrolls
 a - a scroll of teleportation {unknown}
 d - a scroll of immolation {unknown}
 e - 2 scrolls of noise {unknown}
 g - 2 scrolls of fear {unknown}
 j - a scroll of enchant weapon {unknown}
 k - 7 scrolls of identify {unknown}
 o - a scroll of amnesia {unknown}
 q - 3 scrolls of remove curse {unknown}
 r - 2 scrolls of magic mapping {unknown}
Potions
 f - a potion of degeneration {unknown}
 h - a potion of mutation {unknown}
 i - a potion of flight {unknown}
 m - 2 potions of curing {unknown}
 n - 2 potions of heal wounds {unknown}
 w - a potion of brilliance {unknown}
Comestibles
 b - 10 rations


   Skills:
 - Level 2.0 Dodging
 - Level 2.6 Stealth
 + Level 3.8 Spellcasting
 * Level 5.1 Transmutations
 + Level 1.2 Fire Magic
 * Level 7.1 Poison Magic


You had 5 spell levels left.
You knew the following spells:

 Your Spells              Type           Power        Failure   Level  Hunger
a - Sting                 Tmut/Pois      ####         1%          1    None
b - Olgreb's Toxic Radia  Pois           ####....     3%          4    ####...
c - Ignite Poison         Fire/Tmut/Pois ####....     2%          3    ###....

Your spell library contained the following spells:

 Spells                   Type           Power        Failure   Level  Hunger
 Poisonous Vapours        Pois/Air       ###...       1%          2    ##.....
 Mephitic Cloud           Conj/Pois/Air  ##......     6%          3    ###....


Dungeon Overview and Level Annotations

Branches:
Dungeon (5/15)             Temple (0/1) D:4

Altars:
Cheibriados
Fedhas
Gozag
Nemelex Xobeh
Ru
Uskayaw

Portals:
Ossuary: D:5


Innate Abilities, Weirdness & Mutations

You cannot wear most types of armour.
You are very stealthy in the water. (Stealth+)
You are amphibious.
You can wear up to eight rings at the same time.
You can use your tentacles to constrict eight enemies at once.
Your skin changes colour to match your surroundings (Stealth+).
Your rubbery body absorbs attacks. (AC +1, EV +1)


Message History

A mummy comes into view.
Found a sand-covered staircase.
There is an open door here.
The helpless mummy fails to defend itself.
You hit the mummy but do no damage. Your grab misses the mummy.
You barely miss the mummy. Your grab misses the mummy.
Your squeeze misses the mummy. The mummy hits you!
* * * LOW HITPOINT WARNING * * *
You hit the mummy but do no damage. Your grab misses the mummy.
The mummy barely misses you.
You hit the mummy but do no damage. You grab the mummy.
You constrict the mummy. You hit the mummy.
The mummy is moderately damaged.
You constrict the mummy. The mummy hits you.
* * * LOW HITPOINT WARNING * * *
You hit the mummy.
The mummy is moderately damaged.
You constrict the mummy. The mummy hits you!
You die...

### ###..## #...
#M##..##
....###@###..####
#.....(.#....##
##.....###...[##
##...##.##....##
##+###.###'###....#####
........................
....#####.##############
#...####..####
#...........## ###


You could see a mummy.

Vanquished Creatures
  Sigmund (D:3)
  A sky beast (D:5)
  2 hounds (D:4)
  2 orc priests (D:4)
  A bullfrog skeleton (D:4)
  A centaur skeleton (D:5)
  3 iguanas
  5 worker ants
  5 adders
  An ooze (D:4)
  2 worms
  2 dart slugs
  2 leopard geckos
  4 orcs
  3 bats (D:1)
  3 giant cockroaches
  7 goblins
  6 hobgoblins
  8 jackals (D:4)
  2 quokkas
  A ball python (D:4)
  6 frilled lizards
  8 kobolds
  A kobold zombie (D:5)
  9 rats
86 creatures vanquished.

Notes
Turn   | Place    | Note
-------+----------+-------------------------------------------
     0 | D:1      | Ethylacetat the Octopode Venom Mage began the quest for the
                  | Orb.
     0 | D:1      | Reached XP level 1. HP: 11/11 MP: 3/3
   169 | D:1      | Reached XP level 2. HP: 10/17 MP: 1/5
   305 | D:1      | Reached skill level 4 in Poison Magic
   607 | D:1      | Reached XP level 3. HP: 21/21 MP: 4/6
  1879 | D:2      | Reached XP level 4. HP: 24/27 MP: 3/7
  2559 | D:3      | Noticed Sigmund
  2566 | D:3      | Killed Sigmund
  2566 | D:3      | Reached skill level 5 in Poison Magic
  2566 | D:3      | Reached XP level 5. HP: 31/31 MP: 2/9
  2566 | D:3      | Reached XP level 6. HP: 36/36 MP: 2/10
  3065 | D:3      | Found a sparkling altar of Nemelex Xobeh.
  3068 | D:3      | Found a snail-covered altar of Cheibriados.
  3072 | D:3      | Found a sacrificial altar of Ru.
  3160 | D:3      | Learned a level 4 spell: Olgreb's Toxic Radiance
  3218 | D:3      | Found a hide-covered altar of Uskayaw.
  3565 | D:4      | Reached skill level 6 in Poison Magic
  3714 | D:4      | Found an opulent altar of Gozag.
  4073 | D:4      | Reached XP level 7. HP: 41/41 MP: 9/12
  4392 | D:4      | Found a staircase to the Ecumenical Temple.
  4501 | D:3      | Learned a level 3 spell: Ignite Poison
  4808 | D:5      | Entered Level 5 of the Dungeon
  4830 | D:5      | Found a blossoming altar of Fedhas.
  5013 | D:5      | Reached skill level 5 in Transmutations
  5013 | D:5      | Reached skill level 1 in Fire Magic
  5013 | D:5      | Reached skill level 7 in Poison Magic
  5122 | D:5      | Found a sand-covered staircase.
  5129 | D:5      | Mangled by a mummy

Illustrated notes

Levels and vault maps discovered:
D:1:      dpeg_cavernosity, layout_rooms, wad_floor_pattern_1,
          minmay_pentomino_o2
D:2:      layout_basic
D:3:      layout_basic, overflow_temple_1_default, minitemple, uniq_sigmund
D:4:      layout_basic, nicolae_gozag_cash_rules_everything_around_me,
          minmay_temple_entry_proselytizer
D:5:      layout_rooms, nicolae_ossuary_entry_giza, first_ration,
          minmay_misc_feat_nine_boxes, fedhas_altar_3

Skill      XL: |  1  2  3  4  5  6  7 |
---------------+----------------------+-----
Poison Magic   | 4 5 6 7 |  7.1
Transmutations | 2 3 4 5 |  5.1
Spellcasting   | 3 |  3.8
Fire Magic     | 1 |  1.2
Dodging        | |  2.0
Stealth        | |  2.6

Action                   |  1- 3 |  4- 6 |  7- 9 || total
-------------------------+-------+-------+-------++-------
Melee: Unarmed           |    32 |    17 |       ||    49
       Constrict         |    11 |     5 |     3 ||    19
       Tentacles         |     6 |     3 |     1 ||    10
       Staff             |       |       |    38 ||    38
 Cast: Sting             |    53 |   104 |    20 ||   177
       Olgreb's Toxic Ra |       |       |     3 ||     3
       Ignite Poison     |       |       |     2 ||     2
 Stab: Sleeping          |       |       |     2 ||     2
  Eat: Chunk             |     3 |     7 |     2 ||    12
Armor: Skin              |     7 |    14 |     5 ||    26
Dodge: Dodged            |    23 |    61 |    30 ||   114
